Map: Станция Проксима РВ

Players

Murena - Winner!

  • Race: Terran Terran
  • Spawn Location: 1:00

ИИ 1 (эксперт)

  • Race: Protoss Protoss
  • Spawn Location: 7:00

VOD

Have the link to the VOD?

Description

Time

  • Played on: Feb. 28, 2019, 1:40 a.m.
  • Length: 9:45
Show
View Real Time Build Order
Export as new Build Order

Murena Terran - Winner!

Build Orders: 1/1/1, Banshee Rush 

Get SALT Encoding   

  12  0:00  SCV  
  13  0:13  SCV  
  14  0:17  Refinery  
  14  0:25  SCV  
  15  0:29  Supply Depot  
  15  0:52  Barracks  
  15  0:53  SCV  
  16  1:02  Supply Depot  
  16  1:05  SCV  
  17  1:18  SCV  
  18  1:30  SCV  
  19  1:40  Factory  
  19  1:44  Refinery, Orbital Command  
  19  1:49  Marine  
  20  2:07  Marine  
  21  2:10  SCV  
  22  2:22  SCV  
  23  2:25  Starport  
  23  2:26  Barracks Tech Lab  
  23  2:27  Factory Reactor  
  23  2:33  Supply Depot  
  23  2:35  SCV  
  24  2:43  Starport  
  24  2:47  Marauder  
  24  2:50  SCV  
  27  2:58  Concussive Shells  
  27  3:01  Starport Tech Lab  
  27  3:03  SCV  
  27  3:05  Hellion  
  30  3:11  Marauder  
  32  3:15  SCV  
  33  3:21  Banshee  
  36  3:28  Supply Depot  
  36  3:29  Starport Tech Lab  
  36  3:32  SCV  
  37  3:38  Marauder  
  39  3:45  Cloaking Field  
  39  3:50  SCV  
  40  3:59  Supply Depot  
  40  4:01  Banshee  
  43  4:03  Marine  
  43  4:04  SCV  
  45  4:12  Hellion  
  47  4:21  Banshee  
  50  4:24  Supply Depot  
  50  4:26  Marauder  
  50  4:28  SCV  
  53  4:41  SCV  
  54  4:46  Banshee  
  54  4:48  Supply Depot  
  54  4:50  Marine  
  58  4:53  SCV  
  59  5:04  Banshee  
  59  5:06  SCV  
  63  5:13  Marine  
  64  5:14  Hellion  
  64  5:20  SCV  
  67  5:26  Command Center  
  67  5:30  Banshee  
  67  5:34  SCV  
  71  5:38  Supply Depot  
  71  5:44  Armory  
  52  7:53  Orbital Command  
Show
View Real Time Build Order
Export as new Build Order

ИИ 1 (эксперт) Protoss 

Build Orders: Colossus Rush 

Get SALT Encoding   

  12  0:00  Probe  
  13  0:13  Probe  
  14  0:20  Pylon  
  14  0:25  Probe  
  15  0:33  Probe  
  15  0:42  Probe  
  16  0:47  Assimilator  
  17  0:50  Gateway  
  17  0:51  Probe  
  18  0:59  Probe  
  18  1:01  Pylon  
  19  1:07  Probe  
  20  1:18  Probe  
  21  1:30  Probe  
  22  1:38  Zealot  
  24  1:42  Probe  
  25  1:48  Nexus  
  25  1:59  Cybernetics Core  
  25  2:02  Probe  
  26  2:14  Probe  
  27  2:24  Warp Gate  
  27  2:26  Pylon, Probe  
  28  2:37  Stalker  
  28  2:39  Gateway, Probe  
  28  2:42  Assimilator  
  31  2:51  Probe  
  32  2:59  Pylon  
  32  3:01  Probe  
  32  3:03  Probe  
  34  3:07  Adept  
  36  3:14  Probe  
  36  3:15  Probe  
  38  3:23  Robotics Facility  
  38  3:25  Adept  
  40  3:28  Probe  
  40  3:30  Probe  
  42  3:37  Adept  
  42  3:41  Probe  
  45  3:42  Probe  
  46  3:53  Probe  
  46  3:54  Probe  
  46  3:55  Adept  
  50  3:57  Adept  
  50  4:05  Probe  
  50  4:06  Probe  
  54  4:11  Pylon  
  54  4:15  Observer  
  54  4:16  Robotics Bay  
  55  4:17  Probe  
  55  4:18  Probe  
  55  4:23  Robotics Facility  
  57  4:27  Pylon  
  57  4:29  Probe  
  58  4:33  Stalker  
  58  4:34  Adept  
  62  4:39  Probe  
  62  4:41  Pylon, Probe  
  64  4:55  Stalker  
  66  5:01  Gateway  
  66  5:11  Zealot  
  66  5:12  Pylon  
  66  5:14  Zealot, Colossus  
  76  5:22  Pylon  
  76  5:25  Zealot  
  78  5:28  Zealot  
  80  5:44  Probe x2, Stalker  
  80  5:45  Assimilator  
  80  5:47  Forge  
  80  5:48  Sentry  
  80  5:49  Assimilator  
  86  5:54  Forge  
  86  5:55  Stalker, Nexus  
  86  5:56  Probe  
  89  6:04  Probe  
  89  6:07  Pylon, Stalker  
  89  6:08  Probe  
  93  6:12  Probe  
  93  6:17  Immortal  
  98  6:26  Immortal  
  98  6:29  Pylon  
  98  6:31  Stalker  
  104  6:35  Stalker  
  104  6:39  Stalker  
  100  6:53  Stalker  
  92  6:58  Stalker  
  82  7:03  Stalker  
  82  7:08  Probe x3  
  76  7:15  Zealot  
  70  7:16  Probe  
  70  7:18  Assimilator  
  70  7:20  Probe, Stalker  
  70  7:21  Adept, Probe  
  68  7:22  Assimilator  
  68  7:24  Probe  
  68  7:28  Zealot  
  62  7:32  Probe  
  62  7:33  Probe  
  62  7:34  Probe  
  62  7:39  Stalker  
  62  7:42  Sentry  
  63  7:44  Probe  
  63  7:46  Probe  
  63  7:47  Stalker  
  61  8:02  Stalker  
  61  8:05  Adept  
  57  8:09  Probe  
  57  8:10  Stalker  
  56  8:13  Probe  
  53  8:21  Sentry  
  53  8:22  Probe  
  53  8:24  Stalker  
  53  8:25  Probe  
  54  8:31  Nexus  
  54  8:33  Adept  
  54  8:38  Stalker, Probe  
  54  8:40  Sentry  
  43  8:53  Sentry  
  45  8:56  Probe  
  45  9:01  Adept  
  45  9:02  Stalker  
Tags
 
Add a new tag
Caveats
  • Supply blocks, unpowered buildings, or Contaminate may cause inaccurate times.
  • Supply counts are checked every 10 seconds.